 Dungeon Crawl Stone Soup version 0.31.0-1-g2c135a008e (webtiles) character file.

Game seed: 16748233684802312141

140 qw the Shooter (level 5, 0/40 HPs)
             Began as a Djinni Hunter on Jan 23, 2024.
             Slain by a crocodile (12 damage)
             ... in a sewer.
             The game lasted 00:00:06 (1375 turns).

qw the Shooter (Djinni Hunter)                      Turns: 1375, Time: 00:00:06

Health: 0/40       AC:  9    Str: 10    XL:     5   Next: 46%
Gold:   222        EV: 12    Int: 10    God:
                   SH:  0    Dex: 25

rFire   + + .        a - +1 shortbow
rCold   x . .        (shield currently unavailable)
rNeg    . . .        g - +0 ring mail
rPois   inf          (no helmet)
rElec   .            (no cloak)
rCorr   .            (no gloves)
SInv    .            (boots unavailable)
Will    .....        (no amulet)
Stlth   ++           d - +6 ring of dexterity
HPRegen 0.26/turn    j - +4 ring of protection
MPRegen 0.00/turn

%: infuse magic (-1 HP)
@: flying
A: sickness immunity, fire resistance 2, cold vulnerability 1, float, innate
caster, HP casting, extra vitality 1
a: no special abilities


You were in a sewer.
You visited 1 branch of the dungeon, and saw 3 of its levels.
You also visited: Sewer.

You collected 222 gold pieces.


Innate Abilities, Weirdness & Mutations

You are immune to sickness and miasma.
You are immune to poison.
Your flesh is very heat resistant. (rF++)
You are vulnerable to cold. (rC-)
You float through the air rather than walking.
You learn spells naturally, not from books.
Your magical power is your life essence.
You have superior vitality. (+4 MHP)


   Skills:
 - Level 3.0 Fighting
 + Level 4.0 Ranged Weapons
 - Level 1.2 Armour
 - Level 3.7 Dodging
 - Level 0.7 Stealth


You knew the following spells:

 Your Spells              Type           Power      Damage    Failure   Level
a - Necrotise             Necr           0%         1d4       67%         1
b - Lesser Beckoning      Tloc           0%         N/A       82%         2
Your spell library was empty.

Inventory:

Hand Weapons
 a - a +1 shortbow (weapon)
Armour
 g - a +0 ring mail (worn)
Jewellery
 d - a +6 ring of dexterity (left hand)
 j - a +4 ring of protection (right hand)
Scrolls
 b - a scroll of identify
 c - a scroll of teleportation {unknown}
Potions
 e - a potion of heal wounds {unknown}
 h - a potion of haste {unknown}
 i - a potion of mutation {unknown}

Dungeon Overview and Level Annotations

Branches:
Dungeon (3/15)              Sewer (1/1)

Altars:


Message History

Your Fighting skill increases to level 3!
An endoplasm comes into view.
You shoot an arrow. The arrow hits the endoplasm!
You kill the endoplasm!
b - a scroll of identify
c - a scroll labelled VUVODD KIDO
Found a gate leading back out of this place.
A crocodile comes into view.
Found three items.
Found a gate leading back out of this place.
You shoot an arrow. The arrow hits the crocodile.
The crocodile is lightly wounded.
You shoot an arrow. The arrow closely misses the crocodile.
The crocodile closely misses you.
You shoot an arrow. The arrow hits the crocodile.
The crocodile is moderately wounded.
The crocodile closely misses you.
You shoot an arrow. The arrow hits the crocodile.
The crocodile is moderately wounded.
The crocodile bites you!
The crocodile bites you but does no damage.
You shoot an arrow. The arrow hits the crocodile.
The crocodile is heavily wounded.
The crocodile bites you!
You shoot an arrow. The arrow misses the crocodile.
The crocodile bites you but does no damage.
You shoot an arrow.
The arrow hits the crocodile but does no damage.
The crocodile is heavily wounded.
The crocodile bites you but does no damage.
The crocodile bites you!
You shoot an arrow. The arrow barely misses the crocodile.
The crocodile bites you but does no damage.
You shoot an arrow. The arrow closely misses the crocodile.
The crocodile bites you but does no damage.
You shoot an arrow.
The arrow hits the crocodile but does no damage.
The crocodile is heavily wounded.
The crocodile bites you. The crocodile bites you!
You die...

##.~.## ##~## .##
#~# ?.# #~# \! #~#
!. ##~## .# ##.~~##
~# .
~####~....##l##~..~
..~~~~.~.~~~@~~~~~\.
..####..~..#####..~.
##..~## . ##~## #~#
#~# #~# ..~ ~~


You could see a crocodile.

Vanquished Creatures
  A scorpion (D:3)
  2 adders
  A river rat (Sewer)
  A dart slug (D:1)
  An orc (D:3)
  3 bats
  5 endoplasms
  2 giant cockroaches (D:3)
  4 hobgoblins
  4 jackals (D:3)
  4 quokkas
  5 ball pythons
  2 frilled lizards
  5 goblins
  4 kobolds (D:1)
  7 rats
51 creatures vanquished.

Notes
Turn   | Place    | Note
-------+----------+-------------------------------------------
     0 | D:1      | qw the Djinni Hunter began the quest for the Orb.
     0 | D:1      | Reached XP level 1. HP: 18/18 MP: 0/0
     0 | D:1      | 0 ||| qw: Version: 0.3-a-135-gb77e89d
     0 | D:1      | 0 ||| qw: Game counter: 844
     0 | D:1      | 0 ||| qw: Melee chars always use a shield: true
     0 | D:1      | 0 ||| qw: God list: Okawaru
     0 | D:1      | 0 ||| qw: Allow faded altars: false
     0 | D:1      | 0 ||| qw: Do Orc after clearing Dungeon:15 true
     0 | D:1      | 0 ||| qw: Do second Lair branch before Depths: true
     0 | D:1      | 0 ||| qw: Lair rune preference: random
     0 | D:1      | 0 ||| qw: Goals: Normal
     0 | D:1      | 0 ||| PLANNING D:1-11
   155 | D:1      | Reached XP level 2. HP: 23/23 MP: 0/0
   320 | D:1      | Reached skill level 4 in Ranged Weapons
   320 | D:1      | Reached XP level 3. HP: 27/28 MP: 0/0
   320 | D:1      | Learned a level 1 spell: Necrotise
   581 | D:1      | 581 ||| UPGRADING to +0 ring mail.
   591 | D:1      | 591 ||| DROPPING +0 leather armour.
   592 | D:1      | 592 ||| UPGRADING to +6 ring of dexterity.
   593 | D:1      | 593 ||| READING scroll labelled MURI SYCLURR.
   593 | D:1      | 593 ||| IDENTIFYING 2 lumpy orange potions
   594 | D:1      | 594 ||| READING scroll labelled PEBAUT XIUJUER.
   595 | D:1      | 595 ||| DROPPING scroll of butterflies.
   596 | D:1      | 596 ||| DROPPING 2 potions of lignification.
   745 | D:2      | Reached skill level 1 in Armour
   949 | D:2      | 949 ||| UPGRADING to +4 ring of protection.
   950 | D:2      | 950 ||| READING scroll of identify.
   950 | D:2      | 950 ||| IDENTIFYING orange potion
   951 | D:2      | 951 ||| READING scroll labelled FUNUPT WYVISIRPH.
   951 | D:2      | 951 ||| ENCHANTING +0 shortbow.
   952 | D:2      | 952 ||| READING scroll labelled KEUVAE KIELOHA.
   953 | D:2      | 953 ||| DROPPING potion of berserk rage.
   971 | D:3      | 971 ||| PLANNING SEWER
  1054 | D:3      | Reached XP level 4. HP: 33/34 MP: 0/0
  1144 | D:3      | Noticed a scorpion
  1152 | D:3      | Killed a scorpion
  1153 | D:3      | Reached skill level 3 in Dodging
  1153 | D:3      | Reached XP level 5. HP: 35/39 MP: 0/0
  1153 | D:3      | Learned a level 2 spell: Lesser Beckoning
  1197 | D:3      | Found a faded altar of an unknown god.
  1316 | D:3      | Found a glowing drain.
  1317 | D:3      | 1317 ||| READING scroll labelled KUXOCA JEBA.
  1318 | D:3      | 1318 ||| READING scroll labelled XEYHIAR COYGHOYH.
  1318 | D:3      | 1318 ||| ENCHANTING +1 shortbow.
  1339 | Sewer    | Entered a sewer
  1347 | Sewer    | Reached skill level 3 in Fighting
  1365 | Sewer    | Noticed a crocodile
  1375 | Sewer    | Slain by a crocodile

Levels and vault maps discovered:
D:1:      erik_arrival_blinker_ship, layout_loops_ring
D:2:      layout_rooms
D:3:      minmay_inner_zag, layout_basic, gup_sewer_entry_glass,
          shapermc_ecumenical_altar_mp_urbaneastern, minmay_misc_feat_encased
Sewer:    sewer_co_15_rooms

Skill      XL: |  1  2  3  4  5 |
---------------+----------------+-----
Ranged Weapons | 4 |  4.0
Armour         | 1 |  1.2
Dodging        | 3 |  3.7
Fighting       | 3 |  3.0
Stealth        | |  0.7

Action                     |  1- 3 |  4- 6 || total
---------------------------+-------+-------++-------
   Fire: Shortbow          |    91 |    50 ||   141
    Use: Scroll            |     5 |     2 ||     7
 Armour: Leather armour    |     9 |       ||     9
         Ring mail         |     7 |    30 ||    37
  Dodge: Dodged            |    26 |    14 ||    40

Table legend:
 A = Non-vault XP
 B = Vault XP
 C = Vault XP percentage of total XP
 D = Non-vault monster count
 E = Vault monster count
 F = Vault count percentage of total count
                 A         B        C        D         E       F
            +---------+---------+-------+---------+---------+-------
      Total |     167 |      33 |  16.5 |      45 |       6 |  11.8
            +---------+---------+-------+---------+---------+-------
        D:1 |      36 |       0 |   0.0 |      20 |       0 |   0.0
        D:2 |      28 |       0 |   0.0 |      11 |       0 |   0.0
        D:3 |     103 |      17 |  14.2 |      14 |       3 |  17.6
      Sewer |       0 |      16 | 100.0 |       0 |       3 | 100.0
            +---------+---------+-------+---------+---------+-------
